 Dungeon Crawl Stone Soup version 0.30.1-4-g462c640d31 (webtiles) character file.

Game seed: 5516619077987125216

54 FishyPogo the Insei (level 3, -2/28 HPs)
             Began as a Gnoll Transmuter on Sept 4, 2023.
             Slain by a kobold
             ... wielding a +0 short sword
              (4 damage)
             ... on level 2 of the Dungeon.
             The game lasted 00:02:29 (801 turns).

FishyPogo the Insei (Gnoll Transmuter)               Turns: 801, Time: 00:02:30

Health: -2/28      AC:  2    Str:  9    XL:     3   Next: 91%
Magic:  8/9        EV: 13    Int: 14    God:
Gold:   70         SH:  0    Dex: 12    Spells: 3/12 levels left

rFire   . .          .
                       - Unarmed
rCold   . . .        (no shield)
rNeg    . . .        a - +0 robe
rPois   .            (helmet currently unavailable)
rElec   .            (no cloak)
rCorr   .            (no gloves)
SInv    .            (boots currently unavailable)
Will    .....        (no amulet)
Stlth   ++           (no ring)
HPRegen 0.24/turn    (no ring)
MPRegen 0.11/turn

%: no passive effects
@: appendages
A: horns 2, talons 2, fangs 1, strong nose, distributed training
a: End Transformation


You were on level 2 of the Dungeon.
You had temporarily grown beastly horns and talons.
You visited 1 branch of the dungeon, and saw 2 of its levels.

You collected 70 gold pieces.

Inventory:

Missiles
 c - 13 stones
Armour
 a - a +0 robe (worn)
Scrolls
 e - a scroll of enchant armour {unknown}
 f - a scroll of identify {unknown}
Potions
 b - 2 potions of lignification
 d - a potion of might {unknown}


   Skills:
 + Level 2.7 Fighting
 + Level 1.0 Short Blades
 + Level 1.0 Long Blades
 + Level 1.0 Axes
 + Level 1.0 Maces & Flails
 + Level 1.0 Polearms
 + Level 1.0 Staves
 + Level 1.0 Ranged Weapons
 + Level 1.0 Throwing
 + Level 1.0 Armour
 + Level 4.6 Dodging
 + Level 1.0 Stealth
 + Level 1.0 Shields
 + Level 6.5 Unarmed Combat
 + Level 5.0 Spellcasting
 + Level 0.7 Conjurations
 + Level 0.7 Hexes
 + Level 0.7 Summonings
 + Level 0.7 Necromancy
 + Level 0.7 Translocations
 + Level 3.8 Transmutations
 + Level 0.7 Fire Magic
 + Level 0.7 Ice Magic
 + Level 0.7 Air Magic
 + Level 0.7 Earth Magic
 + Level 0.7 Poison Magic
 + Level 1.1 Invocations
 + Level 1.0 Evocations


You had 3 spell levels left.
You knew the following spells:

 Your Spells              Type           Power      Damage    Failure   Level
a - Beastly Appendage     Tmut           28%        N/A       3%          1
b - Wereblood             Tmut           14%        N/A       5%          2
c - Spider Form           Tmut/Pois      9%         N/A       21%         3
l - Call Canine Familiar  Summ           5%         N/A       36%         3

Your spell library contained the following spells:

 Spells                   Type           Power      Damage    Failure   Level
 Portal Projectile        Hex/Tloc       10%        N/A       36%         3
 Ice Form                 Ice/Tmut       9%         N/A       56%         4
 Leda's Liquefaction      Hex/Erth       2%         N/A       77%         4


Dungeon Overview and Level Annotations

Branches:
Dungeon (2/15)

Altars:


Innate Abilities, Weirdness & Mutations

You have temporarily grown beastly horns and talons.
You have very sharp teeth.
Your uncanny sense of smell can sniff out nearby items.
Your experience applies equally to all skills.


Message History

Your Axes skill increases to level 1!
Your Maces & Flails skill increases to level 1!
Your Polearms skill increases to level 1!
Your Staves skill increases to level 1!
Your Ranged Weapons skill increases to level 1!
Your Throwing skill increases to level 1!
Your Armour skill increases to level 1!
Your Stealth skill increases to level 1!
Your Shields skill increases to level 1!
Your Evocations skill increases to level 1!
You punch the dart slug!
You feel a bit better.
You kill the dart slug!
You feel sick.
Your primal bloodlust has ended.
You feel sick.
You are no longer poisoned.
The worm misses you.
You punch the worm!
The worm is heavily wounded.
The kobold closely misses you.
You hit the worm. Your kick misses the worm. Your bite misses the worm.
The worm is heavily wounded.
The kobold misses you. The worm bites you!
You are too injured to fight recklessly!
You hit the worm.
The worm is heavily wounded.
The kobold misses you.
You hit the worm but do no damage. You claw the worm.
The worm is heavily wounded.
The worm bites you!
* * * LOW HITPOINT WARNING * * *
The kobold hits you but does no damage.
You hit the worm but do no damage. You claw the worm.
You bite the worm, but do no damage.
The worm is almost dead.
The kobold closely misses you.
You hit the worm.
You kill the worm!
The kobold hits you with a +0 short sword.
You die...

...>...........
..................?...
........<....?........
......................
∆.....................
.....#.#............
#####....#....).......
.......K)##..†<.....>.
#.@.).....†.#...[
#..#####.#.## # #....#
#.#.# .......# ..#.#
##.##... .###.# #.
##?. $# .# . ..... ..
. ####


You could see a kobold.

Vanquished Creatures
  An adder (D:2)
  A worm (D:2)
  A dart slug (D:2)
  3 ball pythons (D:1)
  6 bats
  4 endoplasms
  2 giant cockroaches (D:1)
  A goblin (D:2)
  2 hobgoblins (D:1)
  3 jackals (D:1)
  2 quokkas (D:1)
  6 frilled lizards
  8 kobolds
  A rat (D:2)
41 creatures vanquished.

Notes
Turn   | Place    | Note
-------+----------+-------------------------------------------
     0 | D:1      | FishyPogo the Gnoll Transmuter began the quest for the Orb.
     0 | D:1      | Reached XP level 1. HP: 17/17 MP: 6/6
   135 | D:1      | Reached XP level 2. HP: 19/23 MP: 7/7
   434 | D:1      | Reached skill level 5 in Spellcasting
   434 | D:1      | Reached XP level 3. HP: 28/28 MP: 6/9
   437 | D:1      | Learned a level 2 spell: Wereblood
   441 | D:1      | Learned a level 3 spell: Spider Form
   660 | D:1      | Learned a level 3 spell: Call Canine Familiar
   774 | D:2      | Reached skill level 1 in Invocations
   794 | D:2      | Reached skill level 1 in Short Blades
   794 | D:2      | Reached skill level 1 in Long Blades
   794 | D:2      | Reached skill level 1 in Axes
   794 | D:2      | Reached skill level 1 in Maces & Flails
   794 | D:2      | Reached skill level 1 in Polearms
   794 | D:2      | Reached skill level 1 in Staves
   794 | D:2      | Reached skill level 1 in Ranged Weapons
   794 | D:2      | Reached skill level 1 in Throwing
   794 | D:2      | Reached skill level 1 in Armour
   794 | D:2      | Reached skill level 1 in Stealth
   794 | D:2      | Reached skill level 1 in Shields
   794 | D:2      | Reached skill level 1 in Evocations
   801 | D:2      | Slain by a kobold

Illustrated notes

Levels and vault maps discovered:
D:1:      mainiacjoe_arrival_reflecting_pool, layout_loops_cross
D:2:      layout_rooms, minmay_tetromino_s2

Skill      XL: |  1  2  3 |
---------------+----------+-----
Spellcasting   | 5 |  5.0
Invocations    | 1 |  1.1
Short Blades   | 1 |  1.0
Long Blades    | 1 |  1.0
Axes           | 1 |  1.0
Maces & Flails | 1 |  1.0
Polearms       | 1 |  1.0
Staves         | 1 |  1.0
Ranged Weapons | 1 |  1.0
Throwing       | 1 |  1.0
Armour         | 1 |  1.0
Stealth        | 1 |  1.0
Shields        | 1 |  1.0
Evocations     | 1 |  1.0
Fighting       | |  2.7
Dodging        | |  4.6
Unarmed Combat | |  6.5
Conjurations   | |  0.7
Hexes          | |  0.7
Summonings     | |  0.7
Necromancy     | |  0.7
Translocations | |  0.7
Transmutations | |  3.8
Fire Magic     | |  0.7
Ice Magic      | |  0.7
Air Magic      | |  0.7
Earth Magic    | |  0.7
Poison Magic   | |  0.7

Action                     || total
---------------------------++-------
  Melee: Unarmed           ||    79
         Kick              ||    11
         Headbutt          ||     7
         Bite              ||     3
   Cast: Beastly Appendage ||    18
         Wereblood         ||     1
 Armour: Robe              ||    14
  Dodge: Dodged            ||    51
